 Dungeon Crawl Stone Soup version 0.26.0-3-g156281e41b (webtiles) character file.

Game seed: 7972704217867729891

23 RBrandon the Gusty (level 2, 0/19 HPs)
             Began as a Barachi Air Elementalist on Jan 9, 2021.
             Slain by an ooze (1 damage)
             ... on level 1 of the Dungeon.
             The game lasted 00:03:02 (971 turns).

RBrandon the Gusty (Barachi Air Elementalist)        Turns: 971, Time: 00:03:03

Health: 0/19       AC:  2    Str:  9    XL:     2   Next: 95%
Magic:  1/6        EV: 12    Int: 15    God:
Gold:   40         SH:  0    Dex: 12    Spells: 4/7 levels left

rFire    . . .     SeeInvis .   i - +0 dagger
rCold    . . .     Faith    .   (no shield)
rNeg     . . .     Spirit   .   a - +0 robe
rPois    .         Reflect  .   (no helmet)
rElec    .         Harm     .   (no cloak)
rCorr    .         Rampage  .   (no gloves)
Will     .....                  (no boots)
Stlth    ++........             (no amulet)
HPRegen  0.06/turn              (no ring)
MPRegen  0.10/turn              (no ring)

@: can't hop, very slightly contaminated, hasted, quick
A: +LOS, swims, slowness 1, strong legs 1
a: Hop


You were on level 1 of the Dungeon.
You visited 1 branch of the dungeon, and saw 1 of its levels.

You collected 40 gold pieces.

Inventory:

Hand Weapons
 i - a +0 dagger (weapon)
Missiles
 d - 6 atropa-tipped darts
 g - 11 poisoned darts
Armour
 a - a +0 robe (worn)
Scrolls
 b - a scroll of immolation {unknown}
 h - a scroll of identify {unknown}
Potions
 c - a potion of attraction {unknown}
 e - a potion of haste
 f - a potion of magic {unknown}
 j - a potion of cancellation {unknown}


   Skills:
 - Level 2.2 Dodging
 - Level 1.8 Stealth
 - Level 3.1 Spellcasting
 + Level 1.3 Conjurations
 + Level 3.5 Air Magic


You had 4 spell levels left.
You knew the following spells:

 Your Spells              Type           Power        Failure   Level
a - Shock                 Conj/Air       36%          8%          1
b - Swiftness             Air            12%          7%          2

Your spell library contained the following spells:

 Spells                   Type           Power        Failure   Level
 Static Discharge         Conj/Air       9%           22%         3
 Airstrike                Air            6%           43%         4
 Lightning Bolt           Conj/Air       4%           90%         5


Dungeon Overview and Level Annotations

Branches:
Dungeon (1/15)

Altars:


Innate Abilities, Weirdness & Mutations

You can be seen from farther away. (+LOS)
You can swim through water.
You cover ground slowly.
You can hop short distances.


Message History

Aim: an ooze (severely wounded, 3% to evade)
The zap hits the ooze.
The ooze is severely wounded.
You hit the ooze.
The ooze is almost dead.
The ooze hits you.
* * * LOW HITPOINT WARNING * * *
You hit the ooze but do no damage.
The ooze is almost dead.
The ooze barely misses you.
You barely miss the ooze.
The ooze is almost dead.
The ooze hits you.
* * * LOW HITPOINT WARNING * * *
You hit the ooze.
The ooze is almost dead.
The ooze hits you.
* * * LOW HITPOINT WARNING * * *
It was a potion of haste.
You feel yourself speed up. The ooze hits you.
You die...

##.# #.#############†#####.##
...# #.##....# #.......##
###.####.##....# #######.##
###........##....# ########.##
..#........##...(# #........##
..#........##....#############.##
..#........##........# #...
..#..†.....####......#########.##
...........)...J@................
..###.########...............#.##
..###.######†..######.######...##
.............###...........###...
..###.########...###...###...####
(.# #.# . #.....####...## ..# #.#
#...>...# ###..# ### #.#
#.........# ##.. #.#
#...........## ##.


You could see an ooze.

Vanquished Creatures
  An ooze (D:1)
  2 dart slugs (D:1)
  A goblin (D:1)
  3 hobgoblins (D:1)
  4 bats (D:1)
  A kobold (D:1)
  3 rats (D:1)
15 creatures vanquished.

Notes
Turn   | Place    | Note
-------+----------+-------------------------------------------
     0 | D:1      | RBrandon the Barachi Air Elementalist began the quest for
                  | the Orb.
     0 | D:1      | Reached XP level 1. HP: 13/13 MP: 3/3
   503 | D:1      | Reached XP level 2. HP: 19/19 MP: 2/5
   674 | D:1      | Learned a level 2 spell: Swiftness
   971 | D:1      | Slain by an ooze

Illustrated notes

Levels and vault maps discovered:
D:1:      dpeg_arrival_central, layout_basic

Skill      XL: |  1  2 |
---------------+-------+-----
Spellcasting   | 3 |  3.1
Dodging        | |  2.2
Stealth        | |  1.8
Conjurations   | |  1.3
Air Magic      | |  3.5

Action                   || total
-------------------------++-------
Melee: Unarmed           ||    28
       Dagger            ||    11
 Cast: Shock             ||    27
 Abil: Hop               ||     1
  Use: Potion            ||     1
 Stab: Sleeping          ||     1
Armor: Robe              ||    15
Dodge: Dodged            ||    69
